 Dungeon Crawl Stone Soup version 0.26.0-45-g9c1d065592 (webtiles) character file.

Game seed: 364759992465088964

102 kaeus the Sneak (level 4, -3/31 HPs)
             Began as an Octopode Monk on Jan 28, 2021.
             Slain by a hobgoblin
             ... wielding a +0 club
             ... led by Robin
              (4 damage)
             ... on level 3 of the Dungeon.
             The game lasted 00:01:31 (1762 turns).

kaeus the Sneak (Octopode Monk)                     Turns: 1762, Time: 00:01:32

Health: -3/31      AC:  1    Str: 10    XL:     4   Next: 78%
Magic:  4/4        EV: 15    Int: 12    God:
Gold:   110        SH:  0    Dex: 21    Spells: 3/3 levels left

rFire    . . .     SeeInvis .   a - +0 short sword
rCold    . . .     Faith    .   (no shield)
rNeg     . . .     Spirit   .   (helmet restricted)
rPois    .         Reflect  .   (no amulet)
rElec    .         Harm     .   j - +6 ring of dexterity
rCorr    .         Rampage  .   (no ring)
Will     .....                  (no ring)
Stlth    ++++......             (no ring)
HPRegen  0.10/turn              (no ring)
MPRegen  0.09/turn              (no ring)
                                (no ring)
                                (no ring)

@: no status effects
A: almost no armour, stealthy swim, amphibious, 8 rings, constrict 8, camouflage
1, gelatinous body 1
a: no special abilities


You were on level 3 of the Dungeon.
You visited 1 branch of the dungeon, and saw 3 of its levels.

You collected 110 gold pieces.

Inventory:

Hand Weapons
 a - a +0 short sword (weapon)
Jewellery
 j - a +6 ring of dexterity (left tentacle)
Scrolls
 b - 2 scrolls of noise {unknown}
 c - 7 scrolls of identify {unknown}
 d - a scroll of remove curse {unknown}
 h - a scroll of enchant armour {unknown}
 i - a scroll of magic mapping {unknown}
 k - a scroll of teleportation {unknown}
Potions
 e - a potion of magic {unknown}
 f - 2 potions of heal wounds {unknown}
 g - a potion of berserk rage {unknown}
 l - 2 potions of resistance {unknown}


   Skills:
 + Level 3.5 Fighting
 + Level 3.5 Short Blades
 + Level 3.6 Dodging
 * Level 4.7 Stealth


You had 3 spell levels left.
You didn't know any spells.
Your spell library was empty.

Dungeon Overview and Level Annotations

Branches:
Dungeon (3/15)

Altars:

Annotations:
D:3 Robin


Innate Abilities, Weirdness & Mutations

You cannot wear most types of armour.
You are very stealthy in the water. (Stealth+)
You are amphibious.
You can wear up to eight rings at the same time.
You can use your tentacles to constrict eight enemies at once.
Your skin changes colour to match your surroundings (Stealth+).
Your rubbery body absorbs attacks. (AC +1, EV +1)


Message History

The hobgoblin misses you. The goblin barely misses you.
You hit the goblin. You grab the goblin. You squeeze the goblin.
You kill the goblin!
The hobgoblin hits you with a +0 club.
* * * LOW HITPOINT WARNING * * *
You take 2 damage, and have 3/31 hp.
You see here a goblin corpse.
The hobgoblin no longer looks unusually strong.
Robin throws the goblin at you!
* * * LOW HITPOINT WARNING * * *
The goblin misses you.
You take 2 damage, and have 1/31 hp.
You barely miss the goblin. You grab the goblin. You squeeze the goblin.
The goblin is heavily wounded.
You constrict the goblin.
The goblin no longer looks unusually strong.
Robin roars a battlecry!
The goblins go into a battle-frenzy!
The goblin closely misses you. The hobgoblin hits you with a +0 club.
You die...

... #.# #)#
#g# #g#
#########
#)#
#.......#
########'###
#.......#
#.......g..#
#.......#
#.......@..#
#.......#
#.......g..#
#.......#
#..††......#
#.......#
#..........#
#.......##
#..........#
#...†.....
#..........#
#....(..##
#..........#
#.......#
########.###
#######(#
#.# #.#


You could see Robin (fast), 2 hobgoblins and a goblin (strong).

Vanquished Creatures
  2 adders (D:2)
  2 worms (D:2)
  4 dart slugs
  2 leopard geckos (D:3)
  An orc (D:3)
  3 bats
  13 goblins
  8 hobgoblins
  4 jackals (D:1)
  9 kobolds
  A quokka (D:2)
  2 ball pythons (D:1)
  5 frilled lizards
  8 rats
64 creatures vanquished.

Notes
Turn   | Place    | Note
-------+----------+-------------------------------------------
     0 | D:1      | kaeus the Octopode Monk began the quest for the Orb.
     0 | D:1      | Reached XP level 1. HP: 16/16 MP: 1/1
    83 | D:1      | Reached skill level 3 in Stealth
   152 | D:1      | Reached XP level 2. HP: 17/21 MP: 2/2
   514 | D:1      | Reached XP level 3. HP: 26/26 MP: 3/3
   839 | D:2      | Reached skill level 4 in Stealth
  1001 | D:2      | Reached XP level 4. HP: 31/31 MP: 4/4
  1743 | D:3      | Noticed Robin
  1761 | D:3      | HP: 1/31 [Robin/goblin (2)]
  1762 | D:3      | Slain by a hobgoblin

Illustrated notes

Levels and vault maps discovered:
D:1:      lightli_arrival_maybe_door_vault, layout_basic, serial_glass,
          glass_columns_c, glass_columns_a, minmay_strange_pillars,
          due_unseen_surprise, feat_on_display, hangedman_glass_teeth
D:2:      layout_basic, corexii_hall_statues_u, amethyst_killhole
D:3:      layout_basic, uniq_robin

Skill      XL: |  1  2  3 |
---------------+----------+-----
Stealth        | 3 4 |  4.7
Fighting       | |  3.5
Short Blades   | |  3.5
Dodging        | |  3.6

Action                   |  1- 3 |  4- 6 || total
-------------------------+-------+-------++-------
Melee: Short sword       |    55 |    52 ||   107
       Constrict         |    13 |    18 ||    31
       Tentacles         |     4 |    11 ||    15
 Stab: Sleeping          |    11 |     6 ||    17
Armor: Skin              |     3 |     2 ||     5
Dodge: Dodged            |    37 |    34 ||    71
